 Dungeon Crawl Stone Soup version 0.22-a0-377-g846bec1 (webtiles) character file.

6713 inmateoo the Fighter (level 10, 0/139 HPs)
             Began as a Minotaur Air Elementalist on Apr 27, 2018.
             Was an Elder of Okawaru.
             Slain by a guardian serpent (9 damage)
             ... in a bailey.
             The game lasted 00:16:15 (8392 turns).

inmateoo the Fighter (Minotaur Air Elementalist)    Turns: 8392, Time: 00:16:16

Health: 0/139      AC: 25    Str: 13    XL:     10   Next: 74%
Magic:  10/11      EV:  2    Int: 12    God:    Okawaru [****..]
Gold:   252        SH:  6    Dex: 19    Spells: 10/11 levels left

rFire    . . .     SeeInvis .   y - +2 falchion (elec)
rCold    . . .     Gourm    .   m - +0 buckler
rNeg     + + +     Faith    .   (armour currently unavailable)
rPois    +         Spirit   .   (helmet currently unavailable)
rElec    .         Reflect  .   (cloak currently unavailable)
rCorr    .         Harm     .   (gloves currently unavailable)
MR       .....     NoTele   +   (boots currently unavailable)
Stlth    +++.......             r - amulet of regeneration
HPRegen  0.73/turn              o - +3 ring of slaying
MPRegen  0.12/turn              (no ring)

@: agile, tree-form
A: (retaliatory headbutt)
a: Heroism, Renounce Religion


You were in a bailey.
You worshipped Okawaru.
Okawaru was greatly pleased with you.
You were hungry.
You were a tree.
You visited 2 branches of the dungeon, and saw 10 of its levels.
You also visited: Bailey.

You collected 612 gold pieces.
You spent 360 gold pieces at shops.

Inventory:

Hand Weapons
 j - a +2 short sword of venom
 l - a +2 dagger of electrocution
 x - the +3 falchion "Xontastre" {slice, rPois rC++ Int-2 Dex-3}
   (You found it on level 8 of the Dungeon)

   It inflicts extra damage upon your enemies.
   It affects your intelligence (-2).
   It affects your dexterity (-3).
   It greatly protects you from cold.
   It protects you from poison.
 y - a +2 falchion of electrocution (weapon)
Armour
 b - a +1 pair of boots (melded)
 k - a +3 chain mail of positive energy (melded)
 m - a +0 buckler (worn)
 t - a +0 pair of gloves (melded)
 w - the cursed +0 scale mail "Naf Iwuu" {rElec MP-9 Str+4}
   (You found it on level 8 of the Dungeon)

   It affects your strength (+4).
   It insulates you from electricity.
   It affects your magic capacity (-9).
   It has a curse placed upon it.
Jewellery
 o - a +3 ring of slaying (left branch)
 r - an amulet of regeneration (around neck)
 A - an uncursed amulet of faith {unknown}
Wands
 e - a wand of random effects (21)
 s - a wand of polymorph (10)
 B - a wand of flame (11)
Scrolls
 d - 4 scrolls of remove curse
 f - 3 scrolls of enchant weapon
 g - a scroll of blinking
 i - 2 scrolls of identify
 n - 2 scrolls of enchant armour
 q - 3 scrolls of teleportation
Potions
 a - a potion of brilliance
 h - a potion of flight
 u - 2 potions of lignification
Comestibles
 c - 12 rations
 v - a chunk of flesh


   Skills:
 + Level 9.9 Fighting
 * Level 8.9 Long Blades
 + Level 6.8 Armour
 * Level 9.5 Dodging
 - Level 1.5 Stealth
 + Level 6.9 Shields
 - Level 1.3 Spellcasting
 - Level 0.6 Conjurations
 - Level 2.1 Air Magic
 + Level 2.1 Invocations


You had 10 spell levels left.
You knew the following spells:

 Your Spells              Type           Power        Failure   Level  Hunger
a - Shock                 Conj/Air       #...         17%         1    ##.....


Dungeon Overview and Level Annotations

Branches:
Dungeon (9/15)             Temple (1/1) D:4            Lair (0/6) D:8
    Orc: D:9-12

Altars:
Ashenzari
Cheibriados
Dithmenos
Elyvilon
Gozag
Hepliaklqana
Kikubaaqudgha
Makhleb
Nemelex Xobeh
Okawaru
Qazlal
Ru
Sif Muna
Trog
Uskayaw
Vehumet
Xom
Yredelemnul
Zin
The Shining One

Shops:
D:7 =


Innate Abilities, Weirdness & Mutations

((You reflexively headbutt those who attack you in melee.))
((You have a pair of horns on your head.))


Message History

The orc warrior hits you but does no damage.
The orc hits you but does no damage. The guardian serpent hits you!
* * * LOW HITPOINT WARNING * * *
Unknown command.
You barely miss the orc warrior.
The orc warrior is severely wounded.
You block the orc warrior's attack. The guardian serpent hits you!
* * * LOW HITPOINT WARNING * * *
Unknown command.
Unknown command.
You slash the orc warrior!
Lightning courses through the orc warrior!
You kill the orc warrior!
Okawaru accepts your kill. The orc hits you but does no damage.
You block the orc warrior's attack.
The guardian serpent coils itself and performs some mystic snake dance.
The orc warrior blinks into view!
Unknown command.
You closely miss the orc warrior. The guardian serpent hits you!
You die...

##### ##∩## ####
.....##.∩.##.)..
.≈≈≈..#...#..≈≈≈
≈≈o≈≈.......≈≈o≈
≈.oo≈...(...≈oo.
≈≈o≈≈.......≈≈o≈
.≈≈≈w.#(o.#..≈≈≈
..)..##ooS##....
##### ##♣## ####
###


You could see a guardian serpent, 2 orc warriors and an orc.

Vanquished Creatures
  Pikel (D:6)
  A gargoyle (D:9)
  A troll (D:9)
  2 hippogriffs
  A vampire (D:9)
  A spriggan (D:7)
  Grum (D:8)
  Eustachio (D:4)
  3 hungry ghosts
  4 orc warriors
  A sky beast (D:8)
  A black bear (D:9)
  3 ice beasts
  A phantom (D:6)
  A necrophage (D:9)
  4 wolves (D:8)
  3 centaurs
  4 ogres
  4 bullfrogs
  3 big kobolds (D:9)
  A gnoll sergeant (D:9)
  A scorpion (D:5)
  4 killer bees (D:7)
  4 wights (D:6)
  8 crimson imps
  A jelly (D:8)
  4 orc priests
  6 hounds
  11 orc wizards
  A centaur skeleton (D:5)
  3 iguanas
  7 worker ants
  A worker ant zombie (D:8)
  12 gnolls
  12 adders
  2 shadow imps
  An ooze (D:1)
  An adder skeleton (D:7)
  5 worms
  6 dart slugs
  5 leopard geckos
  22 orcs
  8 bats
  3 giant cockroaches
  10 goblins
  6 hobgoblins
  12 jackals
  19 kobolds
  2 quokkas
  A ball python (D:4)
  7 frilled lizards
  A jackal skeleton (D:9)
  A quokka zombie (D:7)
  15 rats
244 creatures vanquished.

Notes
Turn   | Place    | Note
-------+----------+-------------------------------------------
     0 | D:1      | inmateoo the Minotaur Air Elementalist began the quest for the Orb.
     0 | D:1      | Reached XP level 1. HP: 14/14 MP: 1/1
   288 | D:1      | Reached skill level 1 in Fighting
   352 | D:1      | Reached XP level 2. HP: 21/24 MP: 3/3
   392 | D:1      | You fall through a shaft!
   406 | D:2      | Found a shadowy altar of Dithmenos.
   478 | D:1      | Reached XP level 3. HP: 14/31 MP: 4/4
  1236 | D:2      | Reached XP level 4. HP: 19/41 MP: 0/5
  1873 | D:2      | Found a snail-covered altar of Cheibriados.
  1900 | D:2      | Reached skill level 5 in Fighting
  1928 | D:2      | Noticed a moth of wrath
  1931 | D:2      | Found a bloodstained altar of Trog.
  2084 | D:2      | Reached XP level 5. HP: 41/48 MP: 6/6
  2511 | D:3      | Found a bloodstained altar of Trog.
  2678 | D:3      | Found a burning altar of Makhleb.
  3027 | D:4      | Reached XP level 6. HP: 51/58 MP: 7/7
  3036 | D:4      | Reached skill level 1 in Shields
  3046 | D:4      | HP: 2/87 [something/puff of frost (9)]
  3056 | D:4      | Reached skill level 1 in Armour
  3081 | D:4      | Noticed a hungry ghost
  3093 | D:4      | Killed a hungry ghost
  3394 | D:4      | Reached XP level 7. HP: 66/66 MP: 8/8
  3646 | D:4      | Noticed Eustachio
  3665 | D:4      | Killed Eustachio
  4072 | D:4      | Found a staircase to the Ecumenical Temple.
  4164 | Temple   | Entered the Ecumenical Temple
  4184 | Temple   | Became a worshipper of Warmaster Okawaru
  4230 | D:5      | Entered Level 5 of the Dungeon
  4239 | D:5      | Reached skill level 1 in Long Blades
  4239 | D:5      | Reached skill level 5 in Dodging
  4649 | D:5      | Reached XP level 8. HP: 74/74 MP: 9/9
  4718 | D:5      | Found a hazy altar of Hepliaklqana.
  4888 | D:5      | Found a stormy altar of Qazlal.
  4890 | D:5      | Noticed an air elemental
  5080 | D:5      | Found an opulent altar of Gozag.
  5238 | D:6      | Found a shattered altar of Ashenzari.
  5279 | D:6      | Found an iron altar of Okawaru.
  5306 | D:6      | Reached * piety under Okawaru
  5552 | D:6      | Noticed Pikel
  5574 | D:6      | Killed Pikel
  5574 | D:6      | Reached ** piety under Okawaru
  5574 | D:6      | Reached skill level 5 in Long Blades
  5574 | D:6      | Reached XP level 9. HP: 64/82 MP: 10/10
  5911 | D:7      | Reached skill level 5 in Armour
  5911 | D:7      | Reached skill level 5 in Shields
  6039 | D:7      | Found a glowing silver altar of Zin.
  6105 | D:7      | Found Ximaucse's Jewellery Boutique.
  6112 | D:7      | Bought an uncursed amulet of regeneration for 360 gold pieces
  6475 | D:7      | Reached *** piety under Okawaru
  7018 | D:8      | Noticed Grum
  7035 | D:8      | Killed Grum
  7035 | D:8      | Reached XP level 10. HP: 68/91 MP: 11/11
  7057 | D:8      | Got a twisted scale mail
  7058 | D:8      | Identified the cursed +0 scale mail "Naf Iwuu" {rElec MP-9 Str+4} (You found it on level 8 of the Dungeon)
  7133 | D:8      | Found a staircase to the Lair.
  7456 | D:8      | Got a slimy falchion
  7457 | D:8      | Identified the cursed +3 falchion "Xontastre" {slice, rPois rC++ Int-2 Dex-3} (You found it on level 8 of the Dungeon)
  7705 | D:9      | Reached **** piety under Okawaru
  7730 | D:9      | Found a sparkling altar of Nemelex Xobeh.
  7879 | D:9      | Found an ancient bone altar of Kikubaaqudgha.
  7894 | D:9      | Reached skill level 1 in Invocations
  7971 | D:9      | Found a basalt altar of Yredelemnul.
  7994 | D:9      | Noticed a gargoyle
  8047 | D:9      | Killed a gargoyle
  8264 | D:9      | Found a radiant altar of Vehumet.
  8321 | D:9      | Found a flagged portal.
  8337 | Bailey   | Entered a bailey
  8366 | Bailey   | Noticed an orc knight
  8368 | Bailey   | Noticed a guardian serpent
  8368 | Bailey   | an orc knight changed into a guardian serpent
  8392 | Bailey   | Slain by a guardian serpent

Vault maps used:
D:1:      lemuel_arrival_muddy
D:2:      nicolae_overflow_hidden_temple, cheibriados_altar_1, minivault_11,
          tgw_trog
D:3:      lightli_temple_of_fire, lemuel_coloured_pillars_altar
D:4:      minmay_temple_entry_grid, first_ration, uniq_eustachio
D:5:      kennysheep_mini_moat, kennysheep_mini,
          nicolae_qazlal_style_of_elements
D:6:      kennysheep_little_box, okawaru_ov_weapons_minmay, uniq_pikel
D:7:      nicolae_overflow_crystal_walls, serial_shops,
          nicolae_shop_statue_plus, the_bakery
D:8:      lair_entry_dummy, uniq_grum
D:9:      old_standard_altar, lemuel_crystal_altar, kiku_gazebo_garden_becter,
          vehumet_altar_wand_db, enter_bailey_7,
          hangedman_abyss_or_decor_stagger, nrook_mini_backslash
Temple:   compressed_dpeg_triangle_lava_temple
Bailey:   bailey_polearm_4, bailey

Skill      XL: |  1  2  3  4  5  6  7  8  9 10 |
---------------+-------------------------------+-----
Fighting       | 1 3 4 5 6 7 8 9 |  9.9
Dodging        | 4 5 7 8 9 |  9.5
Shields        | 2 3 4 6 |  6.9
Armour         | 2 3 4 6 |  6.8
Long Blades    | 2 5 7 8 |  8.9
Invocations    | 2 |  2.1
Stealth        | |  1.5
Spellcasting   | |  1.3
Conjurations   | |  0.6
Air Magic      | |  2.1

Action                   |  1- 3 |  4- 6 |  7- 9 | 10-12 || total
-------------------------+-------+-------+-------+-------++-------
Melee: Unarmed           |    22 |       |       |       ||    22
       Short sword       |    20 |     4 |    52 |       ||    76
       Headbutt          |     8 |    31 |    57 |    33 ||   129
       Spear             |    45 |   135 |       |       ||   180
       Dagger            |       |   111 |   153 |       ||   264
       Falchion          |       |       |   163 |   228 ||   391
 Cast: Shock             |     9 |     6 |       |       ||    15
Invok: Heroism           |       |       |       |     2 ||     2
Evoke: Wand              |       |       |       |     4 ||     4
  Use: Scroll            |       |     7 |     9 |     3 ||    19
       Potion            |       |     2 |     1 |     9 ||    12
 Stab: Sleeping          |     1 |       |       |       ||     1
  Eat: Chunk             |     1 |     7 |    10 |     5 ||    23
       Ration            |       |     1 |     2 |       ||     3
Armor: Robe              |    52 |    13 |       |       ||    65
       Chain mail        |       |   120 |   179 |    95 ||   394
       Skin              |       |    14 |    24 |    29 ||    67
Dodge: Dodged            |   101 |    91 |    77 |    83 ||   352
Block: Buckler           |       |    12 |    73 |    60 ||   145
       Rpst.: Falchion   |       |       |    11 |    15 ||    26

Table legend:
 A = Spawn XP
 B = Non-spawn XP
 C = Spawn XP percentage of total XP
 D = Spawn monster count
 E = Non-spawn monster count
 F = Spawn count percentage of total count
 G = Total turns spent on level
                    A         B        C        D         E        F      G
               +---------+---------+-------+---------+---------+-------+---------
         Total |       0 |    9591 |   0.0 |       0 |     244 |   0.0 |  8392
               +---------+---------+-------+---------+---------+-------+---------
           D:1 |       0 |     101 |   0.0 |       0 |      25 |   0.0 |  1348
           D:2 |       0 |     113 |   0.0 |       0 |      33 |   0.0 |   896
           D:3 |       0 |     132 |   0.0 |       0 |      22 |   0.0 |   733
           D:4 |       0 |     799 |   0.0 |       0 |      27 |   0.0 |  1490
           D:5 |       0 |     749 |   0.0 |       0 |      17 |   0.0 |   715
           D:6 |       0 |    1273 |   0.0 |       0 |      14 |   0.0 |   642
           D:7 |       0 |    1696 |   0.0 |       0 |      30 |   0.0 |   957
           D:8 |       0 |    1600 |   0.0 |       0 |      21 |   0.0 |   868
           D:9 |       0 |    2713 |   0.0 |       0 |      50 |   0.0 |   648
        Bailey |       0 |     415 |   0.0 |       0 |       5 |   0.0 |    55
               +---------+---------+-------+---------+---------+-------+---------
